Islanders vs Sabres

Created - Tuesday, January 12, 2016 at 02:29

Goals
1 2 3 OT1 SO T
Islanders 0 1 1 0 1 3
Sabres 0 1 1 0 0 2
Shots
1 2 3 OT1 SO T
Islanders 4 10 18 3 3 35
Sabres 5 6 13 0 3 24

1st period

No Goal

Penalties :
Jamie Benn (NYI) for Holding (Minor) at 1:34, Boyd Gordon (Buf) for Elbowing (Minor) at 5:56, Nikita Zadorov (Buf) for Goalie Interference (Minor) at 10:03, Alex Pietrangelo (Buf) for Hooking (Minor) at 10:11, Rasmus Ristolainen (Buf) for Hooking (Minor) at 17:47

2nd period

1. Sabres , Ryan Kesler 8 (Benoit Pouliot) at 4:10
2. Islanders , Erik Karlsson 27 (Jamie Benn, David Krejci) at 10:25 (PP)

Penalties :
Travis Hamonic (NYI) for Holding (Minor) at 5:23, Dwight King (Buf) for Holding (Minor) at 9:52, Tyler Ennis (NYI) for Tripping (Minor) at 11:49, Patrik Berglund (NYI) for Cross-checking (Minor) at 15:44, Dalton Prout (NYI) for Hooking (Minor) at 19:16

3rd period

3. Sabres , Sidney Crosby 24 (Alex Pietrangelo) at 4:32
4. Islanders , Dustin Brown 11 (Carl Hagelin, Frans Nielsen) at 5:43 (PP)

Penalties :
Dwight King (Buf) for Tripping (Minor) at 1:42, Sidney Crosby (Buf) for Diving (Minor) at 5:17, Paul Gaustad (NYI) for Cross-checking (Minor) at 8:39, David Perron (Buf) for Slashing (Minor) at 11:41, Tyler Ennis (NYI) for Interference (Minor) at 12:06

Overtime #1

No Goal

Penalties :
No Penalty

Shootout

Penalty Shot by Jamie Benn for Islanders - Shot Misses the Net
Penalty Shot by Sidney Crosby for Sabres - Shot Misses the Net
Penalty Shot by Frans Nielsen for Islanders - Goal!
Penalty Shot by Steven Stamkos for Sabres - Stopped by Braden Holtby
Penalty Shot by Tyler Ennis for Islanders - Shot Misses the Net
Penalty Shot by Gustav Nyquist for Sabres - Stopped by Braden Holtby

Penalties :
No Penalty

Goalie Stats

Braden Holtby (NYI), 22 saves from 24 shots - (0.917), W, 24-9-2, 65:00 minutes
Ondrej Pavelec (Buf), 33 saves from 35 shots - (0.943), OTL, 16-9-2, 65:00 minutes

Players Stats for Islanders

Player Name              G  A  P  +/- PIM S  H  SB GA TA FO     MP     PP MP  PK MP  
------------------------------------------------------------------------------------
Brandon Pirri            0  0  0  -1  0   1  0  0  1  0  1/4    16:17   5:08   0:00 
Carl Hagelin             0  1  1   0  0   0  4  2  1  0  0/2    16:03   4:20   0:12 
Dalton Prout             0  0  0   0  2   1  3  1  0  1  0/0    19:53   0:00   4:51 
David Booth              0  0  0   0  0   1  3  0  0  0  0/1     8:00   0:00   1:04 
David Krejci             0  1  1  -1  0   1  2  0  1  0  16/26  21:47   5:08   1:32 
Dustin Brown             1  0  1  -1  0   3  2  0  1  0  0/0    15:45   5:27   0:12 
Erik Karlsson            1  0  1   0  0   7  2  4  0  3  0/0    30:06   7:35   5:55 
Frans Nielsen            0  1  1   0  0   2  0  0  1  0  2/4    14:52   4:20   0:22 
Jamie Benn               0  1  1  -1  2   1  4  1  7  0  0/1    23:17   5:08   1:43 
Kyle Quincey             0  0  0  -1  0   1  1  0  0  0  0/0    11:11   0:00   0:00 
Lauri Korpikoski         0  0  0   0  0   4  0  1  3  0  0/1    16:03   0:00   9:20 
Marcel Goc               0  0  0   0  0   3  1  0  0  0  4/5    10:25   0:00   2:22 
Mirco Mueller            0  0  0  -1  0   1  0  1  0  1  0/0    13:35   1:53   0:15 
Patrik Berglund          0  0  0  -1  2   1  1  0  2  0  1/1     7:24   0:00   0:00 
Paul Gaustad             0  0  0  -1  2   0  1  1  0  2  7/14   16:47   0:00   7:51 
Rob Scuderi              0  0  0  -1  0   0  1  0  0  3  0/0    28:46   4:01   8:16 
Travis Hamonic           0  0  0  -1  2   6  1  1  0  0  0/0    20:40   0:00   5:21 
Tyler Ennis              0  0  0   0  4   2  1  0  1  0  1/1    14:59   4:19   0:00 

Players Stats for Sabres

Player Name              G  A  P  +/- PIM S  H  SB GA TA FO     MP     PP MP  PK MP  
------------------------------------------------------------------------------------
Alec Martinez            0  0  0   0  0   0  0  1  0  3  0/0    19:33   4:15   0:59 
Alex Pietrangelo         0  1  1   1  2   1  1  2  0  0  0/0    30:16   5:35   3:41 
Benoit Pouliot           0  1  1   1  0   2  0  1  1  1  1/2    15:43   5:37   1:54 
Blake Wheeler            0  0  0   1  0   2  3  1  4  0  0/0    20:07   6:02   0:00 
Boyd Gordon              0  0  0   0  2   0  1  0  0  0  6/14   13:26   0:00   3:55 
Brooks Orpik             0  0  0   1  0   0  1  1  2  2  0/0    18:58   0:00   4:33 
Chris Higgins            0  0  0   0  0   3  2  0  3  1  0/0    14:48   0:00   5:16 
David Perron             0  0  0   0  2   1  3  0  1  0  0/0     8:27   0:25   0:00 
Dwight King              0  0  0   0  4   0  2  0  1  1  0/1    12:57   0:00   1:42 
Gustav Nyquist           0  0  0   1  0   1  0  1  0  0  0/0    20:10   6:17   0:00 
Jay Bouwmeester          0  0  0   1  0   1  0  4  0  1  0/0    12:18   2:29   3:47 
Matt Bartkowski          0  0  0   0  0   0  0  0  0  0  0/0     0:00   0:00   0:00 
Matt Stajan              0  0  0   0  0   2  2  0  0  0  3/5     3:42   0:00   0:00 
Nikita Zadorov           0  0  0   0  2   0  2  1  0  0  0/0    26:21   7:09   3:50 
Rasmus Ristolainen       0  0  0   1  2   2  0  2  0  2  0/0    24:34   5:10   2:08 
Ryan Kesler              1  0  1   1  0   3  3  1  4  3  7/17   25:31   6:02   4:15 
Sidney Crosby            1  0  1   1  2   4  1  2  0  0  11/21  22:27   6:17   0:00 
Steven Stamkos           0  0  0   1  0   2  2  0  2  0  0/0    17:31   6:17   0:00 

3 Stars

1 - Ryan Kesler (Buf)
2 - Erik Karlsson (NYI)
3 - Ondrej Pavelec (Buf)

Power Play

Islanders - 2 on 8 Attempt(s) - 25.00%
Sabres - 0 on 7 Attempt(s) - 0.00%

Penalty Kill

Islanders - 7 on 7 Attempt(s) - 100.00% - Score 0 goal in Penalty Kill
Sabres - 6 on 8 Attempt(s) - 75.00% - Score 0 goal in Penalty Kill

Team Stat

Islanders - Hits : 27 - Faceoff Wins : 32 - Blocked Shots : 12 - Penalty Minutes : 14
Sabres - Hits : 23 - Faceoff Wins : 28 - Blocked Shots : 17 - Penalty Minutes : 16

Official

Referees : Unknown
Linesman : Unknown

Game Notes

Jay Bouwmeester is injured at 7:43 of 2nd period (Sore Right Knee)
Matt Stajan is injured at 18:53 of 2nd period (Torn Right Knee Ligaments)

Finance

Level 1 -- Attendance: 5708 (95.13%) -- Ticket Income $376,728
Level 2 -- Attendance: 4479 (89.58%) -- Ticket Income $192,597
Level 3 -- Attendance: 1850 (92.50%) -- Ticket Income $48,100
Level 4 -- Attendance: 3601 (90.03%) -- Ticket Income $50,414
Luxury Box -- Attendance: 962 (96.20%) -- Ticket Income $158,730
Game was played at the HSBC Arena.
Total Attendance: 16600 (92.22%)
Total Ticket Income: $826,569
Other Income: $405,019
Total Income: $1,231,588

Islanders

5 vs 5 Forward 
   Center                   Left Wing                Right Wing               Time % Phy DF OF 
 1 David Krejci             Jamie Benn               Brandon Pirri            33     1   2  2  
 2 Frans Nielsen            Carl Hagelin             Tyler Ennis              29     1   2  2  
 3 Paul Gaustad             Dustin Brown             Patrik Berglund          23     1   2  2  
 4 Marcel Goc               David Booth              Lauri Korpikoski         15     1   2  2  

5 vs 5 Defense 
   Defense                  Defense                                           Time % Phy DF OF 
 1 Erik Karlsson            Dalton Prout                                      33     1   2  2  
 2 Kyle Quincey             Travis Hamonic                                    30     1   2  2  
 3 Mirco Mueller            Rob Scuderi                                       24     1   2  2  
 4 Erik Karlsson            Rob Scuderi                                       13     1   2  2  

PowerPlay Forward 
   Center                   Left Wing                Right Wing               Time % Phy DF OF 
 1 David Krejci             Jamie Benn               Brandon Pirri            70     1   2  2  
 2 Frans Nielsen            Carl Hagelin             Tyler Ennis              30     1   2  2  

PowerPlay Defense
   Defense                  Defense                                           Time % Phy DF OF 
 1 Erik Karlsson            Dustin Brown                                      60     1   2  2  
 2 Erik Karlsson            Rob Scuderi                                       40     1   2  2  

Penalty Kill 4 Players Forward 
   Center                   Wing                     Time % Phy DF OF 
 1 Paul Gaustad             Lauri Korpikoski         60     1   2  2  
 2 Marcel Goc               Jamie Benn               40     1   2  2  

Penalty Kill 4 Players Defense
   Defense                  Defense                  Time % Phy DF OF 
 1 Erik Karlsson            Rob Scuderi              50     1   2  2  
 2 Dalton Prout             Travis Hamonic           50     1   2  2  

Penalty Kill - 3 Players Forward 
   Forward                                           Time % Phy DF OF 
 1 Paul Gaustad                                      60     1   2  2  
 2 Marcel Goc                                        40     1   2  2  

Penalty Kill - 3 Players Defense
   Defense                  Defense                  Time % Phy DF OF 
 1 Rob Scuderi              Erik Karlsson            50     1   2  2  
 2 Dalton Prout             Travis Hamonic           50     1   2  2  

4 vs 4 Forward 
   Center                   Wing                     Time % Phy DF OF 
 1 David Krejci             Jamie Benn               60     1   2  2  
 2 Frans Nielsen            Brandon Pirri            40     1   2  2  

4 vs 4 Defense
   Defense                  Defense                  Time % Phy DF OF 
 1 Erik Karlsson            Dalton Prout             60     1   2  2  
 2 Travis Hamonic           Rob Scuderi              40     1   2  2  

Last Minutes Offensive
   Center                   Left Wing                Right Wing               Defense                  Defense                  
   David Krejci             Jamie Benn               Brandon Pirri            Erik Karlsson            Travis Hamonic           

Last Minutes Defensive
   Center                   Left Wing                Right Wing               Defense                  Defense                  
   Paul Gaustad             Marcel Goc               Carl Hagelin             Rob Scuderi              Dalton Prout             

Goaltenders
Starting : Braden Holtby            
Backup : Andrew Hammond           

Extra Forwards
Normal : Jamie Benn, Carl Hagelin, Dustin Brown - PP : David Krejci, Jamie Benn - PK : Lauri Korpikoski
Extra Defensemen
Normal : Erik Karlsson, Dalton Prout, Travis Hamonic - PP : Erik Karlsson - PK : Rob Scuderi, Dalton Prout
Penalty Shots
Jamie Benn, Frans Nielsen, Tyler Ennis, Dustin Brown, Erik Karlsson

Sabres

5 vs 5 Forward 
   Center                   Left Wing                Right Wing               Time % Phy DF OF 
 1 Sidney Crosby            Gustav Nyquist           Blake Wheeler            35     0   2  3  
 2 Ryan Kesler              Benoit Pouliot           Steven Stamkos           33     0   2  3  
 3 Matt Stajan              David Perron             Ryan Kesler              20     1   2  2  
 4 Boyd Gordon              Chris Higgins            Dwight King              12     2   3  0  

5 vs 5 Defense 
   Defense                  Defense                                           Time % Phy DF OF 
 1 Alex Pietrangelo         Brooks Orpik                                      35     1   2  2  
 2 Jay Bouwmeester          Rasmus Ristolainen                                30     1   3  1  
 3 Nikita Zadorov           Alec Martinez                                     25     3   2  0  
 4 Alex Pietrangelo         Jay Bouwmeester                                   10     0   2  3  

PowerPlay Forward 
   Center                   Left Wing                Right Wing               Time % Phy DF OF 
 1 Sidney Crosby            Gustav Nyquist           Steven Stamkos           57     0   0  5  
 2 Ryan Kesler              Benoit Pouliot           Blake Wheeler            43     0   1  4  

PowerPlay Defense
   Defense                  Defense                                           Time % Phy DF OF 
 1 Alex Pietrangelo         Rasmus Ristolainen                                57     0   1  4  
 2 Jay Bouwmeester          Nikita Zadorov                                    43     1   1  3  

Penalty Kill 4 Players Forward 
   Center                   Wing                     Time % Phy DF OF 
 1 Boyd Gordon              Chris Higgins            50     2   3  0  
 2 Ryan Kesler              Dwight King              50     1   4  0  

Penalty Kill 4 Players Defense
   Defense                  Defense                  Time % Phy DF OF 
 1 Alex Pietrangelo         Brooks Orpik             50     1   3  1  
 2 Jay Bouwmeester          Nikita Zadorov           50     2   3  0  

Penalty Kill - 3 Players Forward 
   Forward                                           Time % Phy DF OF 
 1 Boyd Gordon                                       50     1   4  0  
 2 Ryan Kesler                                       50     1   4  0  

Penalty Kill - 3 Players Defense
   Defense                  Defense                  Time % Phy DF OF 
 1 Alex Pietrangelo         Brooks Orpik             50     2   2  1  
 2 Jay Bouwmeester          Nikita Zadorov           50     2   2  1  

4 vs 4 Forward 
   Center                   Wing                     Time % Phy DF OF 
 1 Sidney Crosby            Steven Stamkos           57     0   2  3  
 2 Ryan Kesler              Blake Wheeler            43     1   2  2  

4 vs 4 Defense
   Defense                  Defense                  Time % Phy DF OF 
 1 Alex Pietrangelo         Rasmus Ristolainen       57     1   2  2  
 2 Jay Bouwmeester          Nikita Zadorov           43     1   2  2  

Last Minutes Offensive
   Center                   Left Wing                Right Wing               Defense                  Defense                  
   Sidney Crosby            Gustav Nyquist           Steven Stamkos           Alex Pietrangelo         Rasmus Ristolainen       

Last Minutes Defensive
   Center                   Left Wing                Right Wing               Defense                  Defense                  
   Ryan Kesler              Chris Higgins            Blake Wheeler            Alex Pietrangelo         Brooks Orpik             

Goaltenders
Starting : Ondrej Pavelec           
Backup : Karri Ramo               

Extra Forwards
Normal : Gustav Nyquist, David Perron, Benoit Pouliot - PP : Blake Wheeler, David Perron - PK : Chris Higgins
Extra Defensemen
Normal : Rasmus Ristolainen, Nikita Zadorov, Alex Pietrangelo - PP : Nikita Zadorov - PK : Rasmus Ristolainen, Nikita Zadorov
Penalty Shots
Sidney Crosby, Steven Stamkos, Gustav Nyquist, Ryan Kesler, Blake Wheeler

% Time on Ice - Islanders

Lines # - Real PCT - Wanted PCT - Time Play
Normal Forward
1 - 32% - 33% - 11:48
2 - 31% - 29% - 11:31
3 - 20% - 23% - 7:17
4 - 17% - 15% - 6:03
Normal Defense
1 - 31% - 33% - 11:26
2 - 36% - 30% - 13:10
3 - 28% - 24% - 10:07
4 - 5% - 13% - 1:56
PP Forward
1 - 54% - 70% - 5:08
2 - 46% - 30% - 4:20
PP Defense
1 - 58% - 60% - 5:27
2 - 42% - 40% - 4:01
PK Forward
1 - 81% - 60% - 9:57
2 - 19% - 40% - 2:22
PK Defense
1 - 48% - 50% - 5:55
2 - 52% - 50% - 6:24
PK3 Forward
1 - 0% - 60%
2 - 0% - 40%
PK3 Defense
1 - 0% - 50%
2 - 0% - 50%
44 Forward
1 - 90% - 60% - 5:53
2 - 10% - 40% - 0:41
44 Defense
1 - 61% - 60% - 3:59
2 - 39% - 40% - 2:35
Last Minute Offensive  - 0:00
Last Minute Defensive  - 0:00
Total
Forward - 65:00
Defense - 65:00

% Time on Ice - Sabres

Lines # - Real PCT - Wanted PCT - Time Play
Normal Forward
1 - 34% - 35% - 12:27
2 - 27% - 33% - 10:00
3 - 13% - 20% - 4:45
4 - 26% - 12% - 9:27
Normal Defense
1 - 40% - 35% - 14:29
2 - 36% - 30% - 13:03
3 - 20% - 25% - 7:12
4 - 5% - 10% - 1:55
PP Forward
1 - 51% - 57% - 6:17
2 - 49% - 43% - 6:02
PP Defense
1 - 42% - 57% - 5:10
2 - 58% - 43% - 7:09
PK Forward
1 - 53% - 50% - 4:01
2 - 47% - 50% - 3:36
PK Defense
1 - 49% - 50% - 3:42
2 - 51% - 50% - 3:55
PK3 Forward
1 - 57% - 50% - 1:03
2 - 43% - 50% - 0:48
PK3 Defense
1 - 46% - 50% - 0:51
2 - 54% - 50% - 1:00
44 Forward
1 - 75% - 57% - 4:56
2 - 25% - 43% - 1:38
44 Defense
1 - 43% - 57% - 2:51
2 - 57% - 43% - 3:43
Last Minute Offensive  - 0:00
Last Minute Defensive  - 0:00
Total
Forward - 65:00
Defense - 65:00

Play by Play

1st period


0:01 of 1st period - Sidney Crosby wins face-off versus Brandon Pirri in neutral zone.
0:14 of 1st period - Slapshot by Sidney Crosby.
0:14 of 1st period - Shot Misses the Net.
0:16 of 1st period - Slapshot by Alex Pietrangelo.
0:16 of 1st period - Stopped by Braden Holtby without a rebound.
0:17 of 1st period - David Krejci wins face-off versus Sidney Crosby in Islanders zone.
0:40 of 1st period - Snap shot by Sidney Crosby.
0:40 of 1st period - Shot Misses the Net.
0:42 of 1st period - Wrist shot by Blake Wheeler.
0:42 of 1st period - Shot Hit the Post.
1:12 of 1st period - Wrist shot by Benoit Pouliot.
1:12 of 1st period - Deflect By Ryan Kesler.
1:12 of 1st period - Stopped by Braden Holtby with a rebound.
1:14 of 1st period - Snap shot by Ryan Kesler.
1:14 of 1st period - Deflect By Erik Karlsson.
1:14 of 1st period - Stopped by Braden Holtby with a rebound.
1:22 of 1st period - Snap shot by Steven Stamkos.
1:22 of 1st period - Shot Blocked by Dalton Prout.
1:24 of 1st period - Slapshot by Rasmus Ristolainen.
1:24 of 1st period - Shot Blocked by Erik Karlsson.
1:26 of 1st period - Slapshot by Jay Bouwmeester.
1:26 of 1st period - Stopped by Braden Holtby with a rebound.
1:34 of 1st period - Minor Penalty to Jamie Benn for Holding.
1:35 of 1st period - Sidney Crosby wins face-off versus Paul Gaustad in Islanders zone.
1:40 of 1st period - Wrist shot by Sidney Crosby.
1:40 of 1st period - Stopped by Braden Holtby with a rebound.
3:34 of 1st period - Penalty to Jamie Benn is over, Jamie Benn is back on ice.
3:37 of 1st period - Snap shot by Jamie Benn.
3:37 of 1st period - Shot Misses the Net.
3:56 of 1st period - Icing by Carl Hagelin.
3:57 of 1st period - Frans Nielsen wins face-off versus Boyd Gordon in Islanders zone.
5:40 of 1st period - Brandon Pirri is hit by Ryan Kesler and loses puck.
5:56 of 1st period - Minor Penalty to Boyd Gordon for Elbowing.
5:57 of 1st period - David Krejci wins face-off versus Benoit Pouliot in Sabres zone.
5:57 of 1st period - Slapshot by Jamie Benn.
5:57 of 1st period - Deflect By Brandon Pirri.
5:57 of 1st period - Deflect By Jay Bouwmeester.
5:57 of 1st period - Shot Blocked by Benoit Pouliot.
5:57 of 1st period - Puck is out of play.
5:58 of 1st period - Benoit Pouliot wins face-off versus Brandon Pirri in Sabres zone.
6:35 of 1st period - Slapshot by Erik Karlsson.
6:35 of 1st period - Stopped by Ondrej Pavelec without a rebound.
6:36 of 1st period - Ryan Kesler wins face-off versus Frans Nielsen in Sabres zone.
6:47 of 1st period - Dwight King is hit by Carl Hagelin and loses puck.
6:56 of 1st period - Wrist shot by Frans Nielsen.
6:56 of 1st period - Shot Misses the Net.
7:12 of 1st period - Alex Pietrangelo is hit by Tyler Ennis and loses puck.
7:56 of 1st period - Penalty to Boyd Gordon is over, Boyd Gordon is back on ice.
8:07 of 1st period - Alex Pietrangelo is hit by David Booth and loses puck.
8:16 of 1st period - Travis Hamonic is hit by Sidney Crosby and loses puck.
8:25 of 1st period - Brooks Orpik is hit by David Booth and loses puck.
8:37 of 1st period - Mirco Mueller is hit by Blake Wheeler and loses puck.
9:46 of 1st period - Wrist shot by Tyler Ennis.
9:46 of 1st period - Deflect By Frans Nielsen.
9:46 of 1st period - Shot Misses the Net.
9:46 of 1st period - Puck is out of play.
9:47 of 1st period - David Krejci wins face-off versus Sidney Crosby in Sabres zone.
10:03 of 1st period - Minor Penalty to Nikita Zadorov for Goalie Interference.
10:04 of 1st period - Boyd Gordon wins face-off versus David Krejci in Sabres zone.
10:11 of 1st period - Minor Penalty to Alex Pietrangelo for Hooking.
10:12 of 1st period - David Krejci wins face-off versus Boyd Gordon in Sabres zone.
12:03 of 1st period - Penalty to Nikita Zadorov is over, Nikita Zadorov is back on ice.
12:11 of 1st period - Penalty to Alex Pietrangelo is over, Alex Pietrangelo is back on ice.
12:12 of 1st period - Jay Bouwmeester is hit by Jamie Benn.
12:22 of 1st period - Slapshot by Jamie Benn.
12:22 of 1st period - Shot Blocked by Alec Martinez.
12:24 of 1st period - Slapshot by Mirco Mueller.
12:24 of 1st period - Shot Blocked by Jay Bouwmeester.
12:38 of 1st period - David Booth is hit by Ryan Kesler and loses puck.
12:51 of 1st period - Dwight King is hit by Marcel Goc and loses puck.
13:16 of 1st period - Snap shot by Dustin Brown.
13:16 of 1st period - Shot Blocked by Jay Bouwmeester.
13:22 of 1st period - Snap shot by Dustin Brown.
13:22 of 1st period - Shot Blocked by Ryan Kesler.
14:43 of 1st period - Wrist shot by Patrik Berglund.
14:43 of 1st period - Stopped by Ondrej Pavelec without a rebound.
14:44 of 1st period - Sidney Crosby wins face-off versus Paul Gaustad in Sabres zone.
15:14 of 1st period - Chris Higgins is hit by Carl Hagelin and loses puck.
15:29 of 1st period - Kyle Quincey is hit by David Perron and loses puck.
16:24 of 1st period - Slapshot by Erik Karlsson.
16:24 of 1st period - Deflect By Lauri Korpikoski.
16:24 of 1st period - Stopped by Ondrej Pavelec with a rebound.
16:28 of 1st period - Slapshot by David Booth.
16:28 of 1st period - Stopped by Ondrej Pavelec without a rebound.
16:29 of 1st period - Marcel Goc wins face-off versus Dwight King in Sabres zone.
16:38 of 1st period - Erik Karlsson is hit by Dwight King and loses puck.
17:47 of 1st period - Minor Penalty to Rasmus Ristolainen for Hooking.
17:48 of 1st period - Boyd Gordon wins face-off versus Jamie Benn in Sabres zone.
17:48 of 1st period - Boyd Gordon is hit by Dustin Brown.
18:01 of 1st period - Wrist shot by Chris Higgins.
18:01 of 1st period - Deflect By Boyd Gordon.
18:01 of 1st period - Shot Misses the Net.
18:01 of 1st period - Puck is out of play.
18:02 of 1st period - Boyd Gordon wins face-off versus David Krejci in Islanders zone.
18:11 of 1st period - Jamie Benn is hit by Boyd Gordon and loses puck.
18:18 of 1st period - Slapshot by Chris Higgins.
18:18 of 1st period - Shot Blocked by Jamie Benn.
18:20 of 1st period - Slapshot by Nikita Zadorov.
18:20 of 1st period - Shot Blocked by Erik Karlsson.
19:29 of 1st period - Nikita Zadorov is hit by Jamie Benn and loses puck.
19:47 of 1st period - Penalty to Rasmus Ristolainen is over, Rasmus Ristolainen is back on ice.
Goals for this period are 0 for Islanders vs 0 for Sabres.
Shots for this period are 4 for Islanders vs 5 for Sabres.

2nd period


0:01 of 2nd period - David Krejci wins face-off versus Sidney Crosby in neutral zone.
1:32 of 2nd period - Snap shot by Tyler Ennis.
1:32 of 2nd period - Stopped by Ondrej Pavelec without a rebound.
1:33 of 2nd period - Boyd Gordon wins face-off versus Paul Gaustad in Sabres zone.
2:19 of 2nd period - Off-side.
2:20 of 2nd period - Marcel Goc wins face-off versus Sidney Crosby in neutral zone.
2:23 of 2nd period - Wrist shot by Erik Karlsson.
2:23 of 2nd period - Shot Misses the Net.
2:25 of 2nd period - Slapshot by Erik Karlsson.
2:25 of 2nd period - Shot Misses the Net.
2:27 of 2nd period - Wrist shot by Dalton Prout.
2:27 of 2nd period - Shot Blocked by Alex Pietrangelo.
2:29 of 2nd period - Snap shot by Marcel Goc.
2:29 of 2nd period - Shot Blocked by Brooks Orpik.
4:10 of 2nd period - Snap shot by Ryan Kesler.
4:10 of 2nd period - Goal by Ryan Kesler - Islanders : 0 - Sabres : 1.
4:11 of 2nd period - David Krejci wins face-off versus Boyd Gordon in neutral zone.
4:16 of 2nd period - Dwight King is hit by Dalton Prout and loses puck.
5:01 of 2nd period - Brooks Orpik is hit by Dalton Prout and loses puck.
5:10 of 2nd period - Wrist shot by Dustin Brown.
5:10 of 2nd period - Shot Blocked by Blake Wheeler.
5:12 of 2nd period - Slapshot by Travis Hamonic.
5:12 of 2nd period - Deflect By Sidney Crosby.
5:12 of 2nd period - Stopped by Ondrej Pavelec with a rebound.
5:14 of 2nd period - Snap shot by Paul Gaustad.
5:14 of 2nd period - Deflect By Dustin Brown.
5:14 of 2nd period - Stopped by Ondrej Pavelec with a rebound.
5:23 of 2nd period - Minor Penalty to Travis Hamonic for Holding.
5:24 of 2nd period - Ryan Kesler wins face-off versus Lauri Korpikoski in Islanders zone.
6:54 of 2nd period - Wrist shot by Benoit Pouliot.
6:54 of 2nd period - Shot Misses the Net.
7:14 of 2nd period - Jamie Benn is hit by Steven Stamkos and loses puck.
7:23 of 2nd period - Penalty to Travis Hamonic is over, Travis Hamonic is back on ice.
7:29 of 2nd period - Snap shot by Travis Hamonic.
7:29 of 2nd period - Shot Blocked by Jay Bouwmeester.
7:31 of 2nd period - Slapshot by Dalton Prout.
7:31 of 2nd period - Stopped by Ondrej Pavelec with a rebound.
7:33 of 2nd period - Wrist shot by Jamie Benn.
7:33 of 2nd period - Shot Misses the Net.
7:35 of 2nd period - Snap shot by Mirco Mueller.
7:35 of 2nd period - Shot Misses the Net.
7:37 of 2nd period - Snap shot by Carl Hagelin.
7:37 of 2nd period - Shot Misses the Net.
7:39 of 2nd period - Wrist shot by Carl Hagelin.
7:39 of 2nd period - Shot Blocked by Nikita Zadorov.
7:41 of 2nd period - Slapshot by Travis Hamonic.
7:41 of 2nd period - Shot Misses the Net.
7:43 of 2nd period - Slapshot by Kyle Quincey.
7:43 of 2nd period - Shot Blocked by Jay Bouwmeester.
7:43 of 2nd period - Jay Bouwmeester from Sabres is injured at 7:43 of 2nd period (Sore Right Knee).
7:44 of 2nd period - David Krejci wins face-off versus Ryan Kesler in Sabres zone.
8:23 of 2nd period - Steven Stamkos is hit by David Krejci.
8:54 of 2nd period - Wrist shot by Sidney Crosby.
8:54 of 2nd period - Shot Blocked by Carl Hagelin.
9:06 of 2nd period - Gustav Nyquist is hit by Carl Hagelin and loses puck.
9:41 of 2nd period - Slapshot by Erik Karlsson.
9:41 of 2nd period - Stopped by Ondrej Pavelec without a rebound.
9:42 of 2nd period - Marcel Goc wins face-off versus Boyd Gordon in Sabres zone.
9:52 of 2nd period - Minor Penalty to Dwight King for Holding.
9:53 of 2nd period - Ryan Kesler wins face-off versus David Krejci in Sabres zone.
10:01 of 2nd period - Slapshot by Erik Karlsson.
10:01 of 2nd period - Stopped by Ondrej Pavelec without a rebound.
10:02 of 2nd period - David Krejci wins face-off versus Ryan Kesler in Sabres zone.
10:15 of 2nd period - Slapshot by Erik Karlsson.
10:15 of 2nd period - Stopped by Ondrej Pavelec without a rebound.
10:16 of 2nd period - David Krejci wins face-off versus Ryan Kesler in Sabres zone.
10:25 of 2nd period - Slapshot by Erik Karlsson.
10:25 of 2nd period - Goal by Erik Karlsson - Islanders : 1 - Sabres : 1.
10:26 of 2nd period - Matt Stajan wins face-off versus David Krejci in neutral zone.
10:43 of 2nd period - Slapshot by David Perron.
10:43 of 2nd period - Stopped by Braden Holtby with a rebound.
10:45 of 2nd period - Snap shot by Matt Stajan.
10:45 of 2nd period - Stopped by Braden Holtby without a rebound.
10:46 of 2nd period - David Krejci wins face-off versus Matt Stajan in Islanders zone.
10:46 of 2nd period - David Krejci is hit by Matt Stajan.
10:52 of 2nd period - Alex Pietrangelo is hit by Kyle Quincey and loses puck.
11:27 of 2nd period - Tyler Ennis is hit by Brooks Orpik and loses puck.
11:32 of 2nd period - Wrist shot by Sidney Crosby.
11:32 of 2nd period - Shot Misses the Net.
11:36 of 2nd period - Slapshot by Blake Wheeler.
11:36 of 2nd period - Shot Blocked by Travis Hamonic.
11:49 of 2nd period - Minor Penalty to Tyler Ennis for Tripping.
11:50 of 2nd period - Sidney Crosby wins face-off versus Paul Gaustad in Islanders zone.
12:40 of 2nd period - Paul Gaustad is hit by Ryan Kesler and loses puck.
13:49 of 2nd period - Penalty to Tyler Ennis is over, Tyler Ennis is back on ice.
14:04 of 2nd period - Alec Martinez is hit by David Booth and loses puck.
14:47 of 2nd period - Rob Scuderi is hit by Chris Higgins and loses puck.
15:18 of 2nd period - Wrist shot by Ryan Kesler.
15:18 of 2nd period - Shot Misses the Net.
15:20 of 2nd period - Wrist shot by Matt Stajan.
15:20 of 2nd period - Stopped by Braden Holtby without a rebound.
15:21 of 2nd period - Matt Stajan wins face-off versus Brandon Pirri in Islanders zone.
15:40 of 2nd period - Slapshot by David Perron.
15:40 of 2nd period - Deflect By Ryan Kesler.
15:40 of 2nd period - Shot Blocked by Erik Karlsson.
15:40 of 2nd period - Puck is out of play.
15:41 of 2nd period - Patrik Berglund wins face-off versus Matt Stajan in Islanders zone.
15:41 of 2nd period - Patrik Berglund is hit by Matt Stajan.
15:44 of 2nd period - Minor Penalty to Patrik Berglund for Cross-checking.
15:45 of 2nd period - Sidney Crosby wins face-off versus Paul Gaustad in Islanders zone.
15:45 of 2nd period - Slapshot by Steven Stamkos.
15:45 of 2nd period - Stopped by Braden Holtby without a rebound.
15:46 of 2nd period - Sidney Crosby wins face-off versus Paul Gaustad in Islanders zone.
16:31 of 2nd period - Paul Gaustad is hit by Nikita Zadorov.
16:59 of 2nd period - Marcel Goc is hit by Nikita Zadorov and loses puck.
17:44 of 2nd period - Penalty to Patrik Berglund is over, Patrik Berglund is back on ice.
18:11 of 2nd period - Snap shot by Tyler Ennis.
18:11 of 2nd period - Shot Hit the Post.
18:21 of 2nd period - Snap shot by Chris Higgins.
18:21 of 2nd period - Deflect By Boyd Gordon.
18:21 of 2nd period - Shot Misses the Net.
18:21 of 2nd period - Puck is out of play.
18:22 of 2nd period - David Krejci wins face-off versus Boyd Gordon in Islanders zone.
18:33 of 2nd period - Slapshot by Alex Pietrangelo.
18:33 of 2nd period - Shot Misses the Net.
18:35 of 2nd period - Slapshot by Brooks Orpik.
18:35 of 2nd period - Shot Misses the Net.
18:49 of 2nd period - Slapshot by Erik Karlsson.
18:49 of 2nd period - Stopped by Ondrej Pavelec with a rebound.
18:51 of 2nd period - Slapshot by Erik Karlsson.
18:51 of 2nd period - Stopped by Ondrej Pavelec without a rebound.
18:52 of 2nd period - Matt Stajan wins face-off versus Frans Nielsen in Sabres zone.
18:52 of 2nd period - Matt Stajan is hit by Carl Hagelin.
18:53 of 2nd period - Matt Stajan from Sabres is injured at 18:53 of 2nd period (Torn Right Knee Ligaments).
18:54 of 2nd period - Paul Gaustad wins face-off versus Ryan Kesler in Sabres zone.
19:16 of 2nd period - Minor Penalty to Dalton Prout for Hooking.
19:17 of 2nd period - Paul Gaustad wins face-off versus Sidney Crosby in Islanders zone.
19:51 of 2nd period - Wrist shot by Sidney Crosby.
19:51 of 2nd period - Stopped by Braden Holtby without a rebound.
19:52 of 2nd period - Paul Gaustad wins face-off versus Ryan Kesler in Islanders zone.
19:52 of 2nd period - Paul Gaustad is hit by Blake Wheeler.
Goals for this period are 1 for Islanders vs 1 for Sabres.
Shots for this period are 10 for Islanders vs 6 for Sabres.

3rd period


0:01 of 3rd period - Paul Gaustad wins face-off versus Sidney Crosby in neutral zone.
0:08 of 3rd period - Wrist shot by Paul Gaustad.
0:08 of 3rd period - Shot Misses the Net.
0:28 of 3rd period - Slapshot by Sidney Crosby.
0:28 of 3rd period - Stopped by Braden Holtby without a rebound.
0:29 of 3rd period - Paul Gaustad wins face-off versus Ryan Kesler in Islanders zone.
0:40 of 3rd period - Snap shot by Benoit Pouliot.
0:40 of 3rd period - Stopped by Braden Holtby without a rebound.
0:41 of 3rd period - Paul Gaustad wins face-off versus Ryan Kesler in Islanders zone.
0:50 of 3rd period - Paul Gaustad is hit by Blake Wheeler and loses puck.
1:16 of 3rd period - Penalty to Dalton Prout is over, Dalton Prout is back on ice.
1:35 of 3rd period - Snap shot by Chris Higgins.
1:35 of 3rd period - Stopped by Braden Holtby with a rebound.
1:42 of 3rd period - Minor Penalty to Dwight King for Tripping.
1:43 of 3rd period - Ryan Kesler wins face-off versus David Krejci in Sabres zone.
1:54 of 3rd period - Alex Pietrangelo is hit by Jamie Benn and loses puck.
2:22 of 3rd period - Off-side.
2:23 of 3rd period - Ryan Kesler wins face-off versus Carl Hagelin in neutral zone.
2:44 of 3rd period - Snap shot by Tyler Ennis.
2:44 of 3rd period - Stopped by Ondrej Pavelec without a rebound.
2:45 of 3rd period - Boyd Gordon wins face-off versus David Krejci in Sabres zone.
3:08 of 3rd period - Snap shot by Brandon Pirri.
3:08 of 3rd period - Stopped by Ondrej Pavelec with a rebound.
3:42 of 3rd period - Penalty to Dwight King is over, Dwight King is back on ice.
3:42 of 3rd period - Wrist shot by Benoit Pouliot.
3:42 of 3rd period - Stopped by Braden Holtby with a rebound.
3:48 of 3rd period - Dwight King is hit by Rob Scuderi and loses puck.
4:07 of 3rd period - Snap shot by Marcel Goc.
4:07 of 3rd period - Stopped by Ondrej Pavelec without a rebound.
4:08 of 3rd period - Marcel Goc wins face-off versus Sidney Crosby in Sabres zone.
4:13 of 3rd period - Snap shot by Lauri Korpikoski.
4:13 of 3rd period - Stopped by Ondrej Pavelec without a rebound.
4:14 of 3rd period - Sidney Crosby wins face-off versus Paul Gaustad in Sabres zone.
4:32 of 3rd period - Wrist shot by Sidney Crosby.
4:32 of 3rd period - Goal by Sidney Crosby - Islanders : 1 - Sabres : 2.
4:33 of 3rd period - David Krejci wins face-off versus Sidney Crosby in neutral zone.
4:37 of 3rd period - Snap shot by Mirco Mueller.
4:37 of 3rd period - Stopped by Ondrej Pavelec with a rebound.
5:17 of 3rd period - Minor Penalty to Sidney Crosby for Diving.
5:18 of 3rd period - Frans Nielsen wins face-off versus Boyd Gordon in Sabres zone.
5:39 of 3rd period - Slapshot by Erik Karlsson.
5:39 of 3rd period - Deflect By Frans Nielsen.
5:39 of 3rd period - Stopped by Ondrej Pavelec with a rebound.
5:41 of 3rd period - Wrist shot by Carl Hagelin.
5:41 of 3rd period - Shot Hit the Post.
5:43 of 3rd period - Slapshot by Dustin Brown.
5:43 of 3rd period - Goal by Dustin Brown - Islanders : 2 - Sabres : 2.
5:44 of 3rd period - Paul Gaustad wins face-off versus Ryan Kesler in neutral zone.
6:13 of 3rd period - Snap shot by Steven Stamkos.
6:13 of 3rd period - Stopped by Braden Holtby with a rebound.
6:19 of 3rd period - Snap shot by Erik Karlsson.
6:19 of 3rd period - Shot Misses the Net.
6:57 of 3rd period - Snap shot by Frans Nielsen.
6:57 of 3rd period - Stopped by Ondrej Pavelec with a rebound.
7:27 of 3rd period - Wrist shot by Sidney Crosby.
7:27 of 3rd period - Shot Misses the Net.
7:29 of 3rd period - Slapshot by Rasmus Ristolainen.
7:29 of 3rd period - Stopped by Braden Holtby without a rebound.
7:30 of 3rd period - Boyd Gordon wins face-off versus David Booth in Islanders zone.
7:33 of 3rd period - Snap shot by Chris Higgins.
7:33 of 3rd period - Shot Blocked by Mirco Mueller.
7:35 of 3rd period - Snap shot by Rasmus Ristolainen.
7:35 of 3rd period - Shot Blocked by Lauri Korpikoski.
7:45 of 3rd period - Snap shot by Chris Higgins.
7:45 of 3rd period - Stopped by Braden Holtby with a rebound.
7:47 of 3rd period - Snap shot by Chris Higgins.
7:47 of 3rd period - Stopped by Braden Holtby with a rebound.
7:49 of 3rd period - Snap shot by Boyd Gordon.
7:49 of 3rd period - Shot Misses the Net.
7:51 of 3rd period - Slapshot by Nikita Zadorov.
7:51 of 3rd period - Shot Misses the Net.
7:53 of 3rd period - Slapshot by Rasmus Ristolainen.
7:53 of 3rd period - Stopped by Braden Holtby with a rebound.
8:30 of 3rd period - Sidney Crosby is hit by Dustin Brown.
8:39 of 3rd period - Minor Penalty to Paul Gaustad for Cross-checking.
8:40 of 3rd period - David Krejci wins face-off versus Sidney Crosby in Islanders zone.
8:54 of 3rd period - Gustav Nyquist is hit by David Krejci and loses puck.
9:15 of 3rd period - Wrist shot by Blake Wheeler.
9:15 of 3rd period - Stopped by Braden Holtby without a rebound.
9:16 of 3rd period - David Krejci wins face-off versus Ryan Kesler in Islanders zone.
9:57 of 3rd period - Slapshot by Sidney Crosby.
9:57 of 3rd period - Shot Misses the Net.
10:39 of 3rd period - Penalty to Paul Gaustad is over, Paul Gaustad is back on ice.
10:58 of 3rd period - Jamie Benn is hit by Chris Higgins and loses puck.
11:09 of 3rd period - Snap shot by Chris Higgins.
11:09 of 3rd period - Shot Misses the Net.
11:41 of 3rd period - Minor Penalty to David Perron for Slashing.
11:42 of 3rd period - Tyler Ennis wins face-off versus Boyd Gordon in Sabres zone.
11:43 of 3rd period - Snap shot by Frans Nielsen.
11:43 of 3rd period - Shot Misses the Net.
12:06 of 3rd period - Minor Penalty to Tyler Ennis for Interference.
12:07 of 3rd period - Sidney Crosby wins face-off versus David Krejci in Islanders zone.
12:26 of 3rd period - Backhand shot by Sidney Crosby.
12:26 of 3rd period - Shot Blocked by Erik Karlsson.
12:32 of 3rd period - Rasmus Ristolainen is hit by Erik Karlsson and loses puck.
12:55 of 3rd period - Snap shot by David Krejci.
12:55 of 3rd period - Shot Misses the Net.
13:35 of 3rd period - Snap shot by Blake Wheeler.
13:35 of 3rd period - Stopped by Braden Holtby without a rebound.
13:36 of 3rd period - Ryan Kesler wins face-off versus Carl Hagelin in Islanders zone.
13:41 of 3rd period - Penalty to David Perron is over, David Perron is back on ice.
14:06 of 3rd period - Penalty to Tyler Ennis is over, Tyler Ennis is back on ice.
14:10 of 3rd period - Paul Gaustad is hit by David Perron and loses puck.
14:19 of 3rd period - Alex Pietrangelo is hit by Paul Gaustad and loses puck.
14:30 of 3rd period - Slapshot by Lauri Korpikoski.
14:30 of 3rd period - Stopped by Ondrej Pavelec with a rebound.
14:32 of 3rd period - Backhand shot by Travis Hamonic.
14:32 of 3rd period - Stopped by Ondrej Pavelec with a rebound.
14:34 of 3rd period - Slapshot by Travis Hamonic.
14:34 of 3rd period - Stopped by Ondrej Pavelec with a rebound.
14:57 of 3rd period - Kyle Quincey is hit by Dwight King and loses puck.
16:02 of 3rd period - Mirco Mueller is hit by Steven Stamkos and loses puck.
16:45 of 3rd period - Ryan Kesler is hit by Dalton Prout and loses puck.
16:52 of 3rd period - David Perron is hit by Patrik Berglund and loses puck.
17:13 of 3rd period - Wrist shot by Sidney Crosby.
17:13 of 3rd period - Shot Blocked by Paul Gaustad.
17:15 of 3rd period - Slapshot by Blake Wheeler.
17:15 of 3rd period - Deflect By Gustav Nyquist.
17:15 of 3rd period - Stopped by Braden Holtby without a rebound.
17:16 of 3rd period - Sidney Crosby wins face-off versus Marcel Goc in Islanders zone.
17:31 of 3rd period - Snap shot by Marcel Goc.
17:31 of 3rd period - Shot Blocked by Rasmus Ristolainen.
18:07 of 3rd period - Wrist shot by Jamie Benn.
18:07 of 3rd period - Stopped by Ondrej Pavelec with a rebound.
18:09 of 3rd period - Wrist shot by David Krejci.
18:09 of 3rd period - Stopped by Ondrej Pavelec without a rebound.
18:10 of 3rd period - David Krejci wins face-off versus Ryan Kesler in Sabres zone.
18:17 of 3rd period - Wrist shot by David Krejci.
18:17 of 3rd period - Shot Misses the Net.
18:57 of 3rd period - Slapshot by Erik Karlsson.
18:57 of 3rd period - Shot Misses the Net.
18:59 of 3rd period - Slapshot by Travis Hamonic.
18:59 of 3rd period - Shot Blocked by Gustav Nyquist.
19:01 of 3rd period - Slapshot by Kyle Quincey.
19:01 of 3rd period - Stopped by Ondrej Pavelec with a rebound.
19:03 of 3rd period - Slapshot by Travis Hamonic.
19:03 of 3rd period - Stopped by Ondrej Pavelec with a rebound.
19:35 of 3rd period - Wrist shot by Marcel Goc.
19:35 of 3rd period - Stopped by Ondrej Pavelec with a rebound.
19:37 of 3rd period - Snap shot by Marcel Goc.
19:37 of 3rd period - Stopped by Ondrej Pavelec with a rebound.
19:39 of 3rd period - Wrist shot by Lauri Korpikoski.
19:39 of 3rd period - Stopped by Ondrej Pavelec without a rebound.
19:40 of 3rd period - Brandon Pirri wins face-off versus Boyd Gordon in Sabres zone.
19:59 of 3rd period - Boyd Gordon is hit by Jamie Benn and loses puck.
Goals for this period are 1 for Islanders vs 1 for Sabres.
Shots for this period are 18 for Islanders vs 13 for Sabres.

Overtime #1


0:01 of 1st overtime period - Sidney Crosby wins face-off versus David Krejci in neutral zone.
0:14 of 1st overtime period - Snap shot by Jamie Benn.
0:14 of 1st overtime period - Shot Blocked by Rasmus Ristolainen.
0:16 of 1st overtime period - Slapshot by Dalton Prout.
0:16 of 1st overtime period - Deflect By Jamie Benn.
0:16 of 1st overtime period - Shot Blocked by Alex Pietrangelo.
0:16 of 1st overtime period - Puck is out of play.
0:17 of 1st overtime period - Sidney Crosby wins face-off versus David Krejci in Sabres zone.
0:24 of 1st overtime period - Snap shot by Sidney Crosby.
0:24 of 1st overtime period - Shot Misses the Net.
1:19 of 1st overtime period - Wrist shot by David Krejci.
1:19 of 1st overtime period - Shot Blocked by Sidney Crosby.
1:27 of 1st overtime period - Wrist shot by Jamie Benn.
1:27 of 1st overtime period - Shot Misses the Net.
1:58 of 1st overtime period - Slapshot by Travis Hamonic.
1:58 of 1st overtime period - Deflect By Ryan Kesler.
1:58 of 1st overtime period - Stopped by Ondrej Pavelec with a rebound.
2:00 of 1st overtime period - Wrist shot by Dustin Brown.
2:00 of 1st overtime period - Stopped by Ondrej Pavelec without a rebound.
2:01 of 1st overtime period - David Krejci wins face-off versus Sidney Crosby in Sabres zone.
2:04 of 1st overtime period - Snap shot by Erik Karlsson.
2:04 of 1st overtime period - Shot Blocked by Sidney Crosby.
2:37 of 1st overtime period - Ryan Kesler is hit by Erik Karlsson and loses puck.
3:26 of 1st overtime period - Rasmus Ristolainen is hit by Travis Hamonic and loses puck.
3:47 of 1st overtime period - Carl Hagelin is hit by Alex Pietrangelo and loses puck.
4:14 of 1st overtime period - Snap shot by Steven Stamkos.
4:14 of 1st overtime period - Shot Blocked by Carl Hagelin.
4:38 of 1st overtime period - David Krejci is hit by David Perron and loses puck.
4:45 of 1st overtime period - Slapshot by Travis Hamonic.
4:45 of 1st overtime period - Deflect By Alec Martinez.
4:45 of 1st overtime period - Stopped by Ondrej Pavelec with a rebound.
4:47 of 1st overtime period - Slapshot by Rob Scuderi.
4:47 of 1st overtime period - Deflect By Jamie Benn.
4:47 of 1st overtime period - Shot Misses the Net.
4:47 of 1st overtime period - Puck is out of play.
4:48 of 1st overtime period - Ryan Kesler wins face-off versus David Krejci in Sabres zone.
Goals for this period are 0 for Islanders vs 0 for Sabres.
Shots for this period are 3 for Islanders vs 0 for Sabres.

ShootOut


5:00 of 1st overtime period - Penalty Shot by Jamie Benn for Islanders.
5:00 of 1st overtime period - Wrist shot by Jamie Benn.
5:00 of 1st overtime period - Shot Misses the Net.
5:00 of 1st overtime period - Penalty Shot by Sidney Crosby for Sabres.
5:00 of 1st overtime period - Deke by Sidney Crosby.
5:00 of 1st overtime period - Shot Misses the Net.
5:00 of 1st overtime period - Penalty Shot by Frans Nielsen for Islanders.
5:00 of 1st overtime period - Backhand shot by Frans Nielsen.
5:00 of 1st overtime period - Goal by Frans Nielsen.
5:00 of 1st overtime period - Penalty Shot by Steven Stamkos for Sabres.
5:00 of 1st overtime period - Deke by Steven Stamkos.
5:00 of 1st overtime period - Stopped by Braden Holtby.
5:00 of 1st overtime period - Penalty Shot by Tyler Ennis for Islanders.
5:00 of 1st overtime period - Wrist shot by Tyler Ennis.
5:00 of 1st overtime period - Shot Misses the Net.
5:00 of 1st overtime period - Penalty Shot by Gustav Nyquist for Sabres.
5:00 of 1st overtime period - Wrist shot by Gustav Nyquist.
5:00 of 1st overtime period - Stopped by Braden Holtby.